 Dungeon Crawl Stone Soup version 0.18-a0-5-gf1fb587 (webtiles) character file.

756 Ijustatesigmund the Vandal (level 8, 0/48 HPs)
             Began as a Halfling Artificer on Oct 31, 2015.
             Succumbed to a scorpion's poison
             ... on level 6 of the Dungeon.
             The game lasted 00:39:01 (6459 turns).

Ijustatesigmund the Vandal (Halfling Artificer)     Turns: 6459, Time: 00:39:01

Health: 0/48       AC:  4    Str: 11    XL:     8   Next: 7%
Magic:  10/10      EV: 16    Int: 12    God:
Gold:   296        SH:  0    Dex: 16    Spells: 0 memorised, 7 levels left

rFire  + . .     SeeInvis .     u - +3 dagger
rCold  + . .     Clarity  .     o - +2 robe {rC+ rF+}
rNeg   + . .     SustAt   .     (shield restricted)
rPois  .         Gourm    .     (no helmet)
rElec  .         Spirit   .     (no cloak)
rCorr  .         Warding  .     (no gloves)
rMut   .         Stasis   .     (no boots)
MR     .....                    (no amulet)
Stlth  ++++......               (no ring)
                                l - ring of positive energy

@: lethally poisoned (0 -> -6), very slightly contaminated, hasted, very quick,
not resistant to hostile enchantments, stealthy
A: mutation resistance 1
a: no special abilities


You were on level 6 of the Dungeon.
You were not hungry.

You visited 1 branch of the dungeon, and saw 8 of its levels.

You collected 296 gold pieces.

Inventory:

Hand Weapons
 a - a +0 short sword
 h - a +3 hunting sling
 u - a +3 dagger (weapon)
Missiles
 p - 194 stones (quivered)
Armour
 b - a +1 leather armour
 o - a +2 robe of resistance (worn)
 r - a +0 pair of boots
Jewellery
 l - a ring of positive energy (left hand)
Wands
 c - a wand of flame (11)
 d - a wand of enslavement (9)
 e - a wand of random effects (10)
 g - a wand of polymorph (11)
 s - a wand of polymorph (10)
 w - a wand of magic darts (20)
Scrolls
 i - 2 scrolls of fear
 t - 4 scrolls of remove curse
Potions
 m - a potion of cure mutation
 n - 2 potions of brilliance
Books
 k - a book of Debilitation

   Spells                             Type                      Level
   a - Corona                         Hexes                        1
   b - Slow                           Hexes                        2
   c - Gell's Gravitas                Hexes/Translocation          3
   d - Inner Flame                    Hexes/Fire                   3
   e - Cause Fear                     Hexes                        4
   f - Leda's Liquefaction            Hexes/Earth                  4
Comestibles
 f - 2 bread rations
 j - 4 meat rations
 v - a chunk of flesh


   Skills:
 + Level 1.1 Fighting
 + Level 4.9 Short Blades
 - Level 7.1 Slings
 + Level 3.4 Dodging
 - Level 5.6 Stealth
 - Level 3.0 Evocations


You had 7 spell levels left.
You didn't know any spells.

Dungeon Overview and Level Annotations

Branches:
Dungeon (8/15)
 Temple: D:4-7         Lair: D:8-11

Altars:
Cheibriados
Fedhas

Annotations:
D:5 mrath's ghost, novice GrEE


Innate Abilities, Weirdness & Mutations

You are small and have problems with some larger weapons.
You are somewhat resistant to further mutation.


Message History

* * * LOW HITPOINT WARNING * * *
You are very lightly contaminated with residual magic.
* * * LOW HITPOINT WARNING * * *
You feel sick.
You see here a stone.
* * * LOW HITPOINT WARNING * * *
You feel sick.
* * * LOW HITPOINT WARNING * * *
You feel sick.
* * * LOW HITPOINT WARNING * * *
You feel sick.
* * * LOW HITPOINT WARNING * * *
You feel sick.
* * * LOW HITPOINT WARNING * * *
You feel sick.
* * * LOW HITPOINT WARNING * * *
You feel sick.
* * * LOW HITPOINT WARNING * * *
You feel sick.
You die...

####.##.# #.#
######.##.###.#
#.............#
#.####.#####..# #.#
##.# #..#
########.###..# #..#
..............# #.##
#.#########...#####.#
#.# ######.....@...#
#.####....s......####
(...(.(.(#.....###
#.####...#.....# ...
...........#
#..............#
##########.....#
#######


You could see a scorpion.

Vanquished Creatures
  A wasp (D:7)
  A scorpion (D:6)
  An iron imp (D:6)
  A crimson imp (D:4)
  A gnoll shaman (D:4)
  2 hounds
  2 orc wizards (D:3)
  A worker ant (D:4)
  An iguana (D:4)
  12 adders
  6 gnolls
  A shadow imp (D:7)
  An ooze (D:3)
  2 worms
  6 giant geckos
  6 orcs
  4 giant cockroaches (D:2)
  8 goblins
  9 hobgoblins
  11 jackals
  2 quokkas
  7 bats
  A giant cockroach zombie (D:5)
  A giant gecko skeleton (D:6)
  6 giant newts
  10 kobolds
  7 rats
111 creatures vanquished.

Vanquished Creatures (collateral kills)
  A giant frog (D:6)
  A worker ant (D:5)
  A gnoll (D:5)
  A quokka (D:5)
4 creatures vanquished.

Vanquished Creatures (others)
  Blork the orc (D:5)
  A hound (D:7)
  3 gnolls
  An orc (D:5)
  A giant cockroach (D:7)
7 creatures vanquished.

Grand Total: 122 creatures vanquished

Notes
Turn   | Place    | Note
--------------------------------------------------------------
     0 | D:1      | Ijustatesigmund the Halfling Artificer began the quest for the Orb.
     0 | D:1      | Reached XP level 1. HP: 12/12 MP: 3/3
   314 | D:1      | Reached XP level 2. HP: 18/18 MP: 4/4
  1013 | D:1      | Reached XP level 3. HP: 22/22 MP: 5/5
  1420 | D:2      | Reached skill level 1 in Slings
  1747 | D:2      | Reached XP level 4. HP: 27/27 MP: 6/6
  2500 | D:3      | Reached XP level 5. HP: 32/32 MP: 7/7
  2601 | D:3      | Found a blossoming altar of Fedhas.
  2794 | D:3      | Reached skill level 4 in Slings
  2981 | D:3      | Reached skill level 5 in Slings
  2981 | D:3      | Reached XP level 6. HP: 37/37 MP: 8/8
  3249 | D:4      | You fall through a shaft for 2 floors!
  3259 | D:6      | Reached skill level 6 in Slings
  3453 | D:7      | Noticed a hippogriff
  3959 | D:7      | Found a snail-covered altar of Cheibriados.
  3959 | D:7      | Noticed a deep elf priest
  4051 | D:7      | Noticed a wasp
  4058 | D:7      | Paralysed by a wasp for 3 turns
  4065 | D:7      | Killed a wasp
  4065 | D:7      | Reached XP level 7. HP: 5/42 MP: 9/9
  4072 | D:7      | Noticed an ice beast
  4080 | D:7      | Noticed a sky beast
  4217 | D:5      | Entered Level 5 of the Dungeon
  4217 | D:5      | Noticed Blork the orc
  4242 | D:5      | Blork the orc (ally) was killed
  4242 | D:5      | Your ally died
  4996 | D:4      | Reached skill level 5 in Stealth
  5669 | D:5      | Noticed mrath's ghost (novice GrEE)
  5772 | D:6      | Reached skill level 7 in Slings
  5798 | D:6      | Reached XP level 8. HP: 13/47 MP: 10/10
  6052 | D:6      | Found a snail-covered altar of Cheibriados.
  6067 | D:6      | Reached skill level 1 in Fighting
  6456 | D:6      | HP: 2/48 [poisoned by a scorpion]
  6459 | D:6      | Succumbed to a scorpion's poison

Vault maps used:
D:1:      dpeg_arrival_three_smaller_balls
D:2:      st_stairs_11, minmay_stone_trees_small
D:3:      first_bread, fedhas_altar_4
D:4:      columned_hall_lemuel, minmay_misc_feat_columns
D:5:      serial_co_window_serial, co_window_paths_b, co_window_paths_a,
          co_window_paths_a, co_window_paths_a, co_window_corner_a,
          co_window_corner_b, co_window_corner_b, co_window_2corner,
          co_window_corner_b, glass_columns_a, glass_columns_c, glass_columns_b,
          glass_columns_b, glass_columns_a, uniq_blork_the_orc
D:6:      slow_altar_1
D:7:      tso_oasis_becter, temple_green, david_defended_altar_elf
D:8:      bloody_makhleb, nicolae_overflow_hidden_temple, serial_shops,
          shop_statue

Action                   |  1- 3 |  4- 6 |  7- 9 || total
-------------------------+-------+-------+-------++-------
Melee: Short sword       |   126 |    41 |       ||   167
       Dagger            |       |    75 |    97 ||   172
 Fire: Hunting sling     |     9 |   116 |    57 ||   182
Evoke: Wand              |       |     7 |    18 ||    25
  Use: Scroll            |     6 |    12 |     3 ||    21
       Potion            |     2 |     2 |     2 ||     6
 Stab: Sleeping          |     4 |     3 |     1 ||     8
       Distracted        |       |       |     2 ||     2
  Eat: Chunk             |     2 |     4 |       ||     6
       Beef jerky        |     1 |       |       ||     1
       Royal jelly       |       |     1 |       ||     1
       Bread ration      |       |       |     2 ||     2
